 Dungeon Crawl Stone Soup version 0.17-a0-1596-g1e86911 (webtiles) character file.

37 Kold the Chopper (level 3, -2/28 HPs)
             Began as a Demonspawn Gladiator on July 31, 2015.
             Slain by an adder (4 damage)
             ... on level 2 of the Dungeon.
             The game lasted 00:02:39 (944 turns).

Kold the Chopper (Demonspawn Gladiator)              Turns: 944, Time: 00:02:39

Health: -2/28      AC:  4    Str: 15    XL:     3   Next: 21%
Magic:  0/3        EV: 12    Int: 14    God:
Gold:   44         SH:  0    Dex: 14    Spells: 0 memorised, 2 levels left

rFire  . . .     SeeInvis .     a - +0 war axe
rCold  . . .     Clarity  .     b - +0 leather armour
rNeg   . . .     SustAt   .     (no shield)
rPois  .         Gourm    .     c - +0 helmet
rElec  .         Spirit   +     (no cloak)
rCorr  .         Warding  .     (no gloves)
rMut   .         Stasis   .     (no boots)
MR     .....                    (no amulet)
Stlth  +.........               (no ring)
                                i - +5 ring of intelligence

@: lethally poisoned (-2 -> -4), not resistant to hostile enchantments, very
unstealthy
A: claws 1, magic shield
a: no special abilities


You were on level 2 of the Dungeon.
You were not hungry.

You visited 1 branch of the dungeon, and saw 2 of its levels.

You collected 44 gold pieces.

Inventory:

Hand weapons
 a - a +0 war axe (weapon)
Missiles
 d - 3 throwing nets (quivered)
Armour
 b - a +0 leather armour (worn)
 c - a +0 helmet (worn)
Jewellery
 i - a +5 ring of intelligence (left claw)
Comestibles
 e - a bread ration
 g - a fruit


   Skills:
 - Level 2.8 Fighting
 - Level 3.2 Axes
 - Level 1.7 Throwing
 - Level 2.9 Dodging
 + Level 0.0 Unarmed Combat


You had 2 spell levels left.
You didn't know any spells.

Dungeon Overview and Level Annotations

Branches:
Dungeon (2/15)

Altars:


Innate Abilities, Weirdness & Mutations

You have sharp fingernails.
When hurt, damage is shared between your health and your magic reserves.


Message History

The adder is lightly wounded.
* * * LOW HITPOINT WARNING * * *
You feel sick. The adder closely misses you. The adder misses you.
You miss the adder.
The adder is lightly wounded.
The adder bites you. The adder bites you but does no damage.
You barely miss the adder.
The adder is lightly wounded.
* * * LOW HITPOINT WARNING * * *
You feel sick. The adder barely misses you. The adder bites you.
* * * LOW HITPOINT WARNING * * *
As you read the scroll labeled UTIATO URICH, it crumbles to dust.
You feel blessed for a moment.
It was a scroll of remove curse.
The adder barely misses you.
You slash the adder!
The adder is severely wounded.
* * * LOW HITPOINT WARNING * * *
You feel sick. The adder bites you.
You die...

#............# .#.#
#.##...####### ...#
#.##...# #..##
#.#.#..####### ...#
#..###.....>.. .
#..# #...#.........
.. #..#
#.##.#.#######
..#.###..###.####.#
.......S@....# #.#
.......?.###.# #.#
# .##.####.# #.#
#.. # #.# #.# ### .
#.# #.# # #.# #.#
#.# #.# #.# .# ...


You could see an adder.

Vanquished Creatures
  An adder (D:2)
  An ooze (D:1)
  2 giant geckos
  A giant cockroach (D:1)
  6 goblins (D:1)
  A hobgoblin (D:2)
  5 bats
  A kobold (D:1)
  5 rats (D:1)
23 creatures vanquished.

Notes
Turn   | Place    | Note
--------------------------------------------------------------
     0 | D:1      | Kold the Demonspawn Gladiator began the quest for the Orb.
     0 | D:1      | Reached XP level 1. HP: 16/16 MP: 1/1
     2 | D:1      | Noticed a tengu
     2 | D:1      | Noticed a draconian
     4 | D:1      | Noticed a centaur
     4 | D:1      | Noticed a felid
     6 | D:1      | Noticed an elf
     6 | D:1      | Noticed a troll
     8 | D:1      | Noticed a demigod
     8 | D:1      | Noticed an ogre
    10 | D:1      | Noticed a vampire
    10 | D:1      | Noticed a demonspawn
    12 | D:1      | Noticed a minotaur
    12 | D:1      | Noticed a dwarf
    14 | D:1      | Noticed a gargoyle
    16 | D:1      | Noticed a formicid
    16 | D:1      | Noticed an octopode
    18 | D:1      | Noticed a vine stalker
    22 | D:1      | Noticed a naga
    24 | D:1      | Noticed a ghoul
    24 | D:1      | Noticed a spriggan
    26 | D:1      | Noticed a merfolk
    26 | D:1      | Noticed a human
   214 | D:1      | Reached skill level 3 in Axes
   236 | D:1      | You fall through a shaft!
   286 | D:1      | Gained mutation: When hurt, damage is shared between your health and your magic reserves. [demonic ancestry]
   286 | D:1      | Reached XP level 2. HP: 11/22 MP: 2/2
   829 | D:2      | Gained mutation: You have sharp fingernails. [demonic ancestry]
   829 | D:2      | Reached XP level 3. HP: 20/28 MP: 3/3
   944 | D:2      | Slain by an adder

Vault maps used:
D:1:      kb_arrival_jail

Action                   || total
-------------------------++-------
Melee: War axe           ||    83
  Use: Scroll            ||     1
 Stab: Sleeping          ||     1
